Map: [ESL] Gresvan

Players

Jieshi

  • Race: Protoss Protoss
  • Spawn Location: 11:00

Cyan - Winner!

  • Race: Protoss Protoss
  • Spawn Location: 5:00

Event: ESL SC2 Masters 2023 Summer (Regionals)

VOD

Have the link to the VOD?

Description

Time

  • Played on: May 19, 2023, 10:53 a.m.
  • Length: 8:50

All games in this series

Show
View Real Time Build Order
Export as new Build Order

Jieshi Protoss 

Build Orders: Oracle Opening 

Get SALT Encoding   

  12  0:00  Probe  
  13  0:12  Probe  
  14  0:17  Pylon  
  14  0:24  Probe (Chrono Boost)  
  15  0:36  Probe (Chrono Boost)  
  15  0:37  Gateway  
  16  0:43  Probe (Chrono Boost)  
  16  0:49  Assimilator  
  17  0:51  Probe  
  17  0:54  Assimilator  
  18  1:03  Probe (Chrono Boost)  
  19  1:07  Gateway  
  19  1:13  Probe (Chrono Boost)  
  19  1:18  Probe (Chrono Boost)  
  20  1:25  Cybernetics Core  
  21  1:29  Probe  
  22  1:37  Pylon  
  22  1:41  Probe  
  23  1:55  Probe  
  24  2:04  Stalker  
  24  2:07  Stargate, Warp Gate  
  26  2:15  Stalker  
  28  2:21  Pylon  
  28  2:36  Probe, Stalker  
  31  2:48  Oracle (Chrono Boost)  
  34  3:14  Robotics Facility  
  34  3:17  Nexus  
  34  3:22  Probe  
  34  3:31  Pylon  
  34  3:34  Probe  
  35  3:46  Probe  
  36  3:59  Probe  
  36  4:00  Twilight Council  
  37  4:04  Immortal (Chrono Boost)  
  41  4:11  Probe  
  42  4:19  Sentry  
  42  4:21  Shield Battery  
  42  4:23  Probe  
  45  4:30  Probe  
  46  4:35  Probe, Observer (Chrono Boost)  
  48  4:42  Probe  
  48  4:45  Blink (Chrono Boost)  
  46  4:47  Probe  
  46  4:52  Adept x2  
  51  4:54  Probe  
  51  4:59  Probe  
  53  5:02  Assimilator  
  53  5:06  Probe, Gateway  
  54  5:11  Probe, Immortal (Chrono Boost)  
  59  5:18  Probe  
  59  5:21  Pylon  
  60  5:23  Probe  
  61  5:30  Probe  
  62  5:38  Pylon  
  62  5:39  Probe  
  62  5:41  Gateway  
  63  5:43  Stalker x2  
  67  5:55  Immortal (Chrono Boost)  
  69  6:04  Probe x2  
  69  6:07  Pylon  
  67  6:14  Stalker x2  
  70  6:23  Observer  
  70  6:25  Probe x2  
  70  6:26  Pylon  
  70  6:29  Gateway  
  70  6:30  Warp Prism (Chrono Boost)  
  72  6:33  Gateway  
  72  6:38  Probe  
  72  6:39  Sentry  
  76  6:42  Pylon  
  76  6:45  Sentry  
  76  6:46  Sentry  
  80  6:52  Stalker  
  81  6:55  Pylon  
  81  7:05  Observer (Chrono Boost)  
  81  7:06  Pylon x2  
  81  7:18  Stalker x4  
  85  7:24  Probe x2  
  86  7:36  Probe x2  
  86  7:39  Stalker x2  
  86  7:41  Stalker x2  
  90  8:00  Stalker x2  
  90  8:03  Stalker x2  
  96  8:08  Stalker  
  96  8:09  Zealot  
  90  8:26  Adept x2  
  83  8:28  Stalker  
  83  8:30  Stalker  
  74  8:43  Zealot, Stalker  
Show
View Real Time Build Order
Export as new Build Order

Cyan Protoss - Winner!

Build Orders: Phoenix Opening 

Get SALT Encoding   

  12  0:00  Probe  
  13  0:12  Probe  
  14  0:17  Pylon  
  14  0:24  Probe (Chrono Boost)  
  15  0:36  Probe (Chrono Boost), Gateway  
  16  0:44  Probe (Chrono Boost)  
  16  0:47  Assimilator  
  17  0:51  Probe  
  17  0:56  Assimilator  
  18  1:03  Probe (Chrono Boost)  
  19  1:08  Gateway  
  19  1:15  Probe (Chrono Boost)  
  20  1:23  Probe (Chrono Boost)  
  20  1:25  Cybernetics Core  
  21  1:29  Probe  
  22  1:34  Pylon  
  22  1:41  Probe  
  23  1:53  Probe  
  24  2:04  Stalker, Sentry  
  24  2:05  Warp Gate  
  24  2:06  Probe  
  29  2:17  Pylon  
  29  2:26  Pylon  
  29  2:28  Stalker  
  31  2:35  Stalker  
  33  2:38  Phoenix  
  33  2:53  Nexus  
  32  2:59  Shield Battery  
  32  3:00  Sentry  
  32  3:04  Probe  
  35  3:12  Pylon  
  35  3:17  Probe  
  36  3:29  Probe  
  36  3:31  Twilight Council  
  37  3:41  Probe  
  37  3:53  Probe  
  37  3:56  Stalker  
  37  4:01  Blink (Chrono Boost), Stalker  
  41  4:06  Probe (Chrono Boost)  
  41  4:08  Probe (Chrono Boost)  
  44  4:18  Probe (Chrono Boost)  
  44  4:19  Probe (Chrono Boost)  
  44  4:21  Stalker  
  44  4:23  Probe (Chrono Boost)  
  47  4:24  Probe (Chrono Boost)  
  49  4:32  Probe  
  49  4:34  Probe, Forge  
  50  4:44  Probe  
  51  4:46  Probe  
  51  4:47  Robotics Facility  
  51  4:52  Adept x2  
  56  4:56  Probe  
  56  4:57  Protoss Ground Weapons Level 1  
  56  4:58  Probe  
  58  5:04  Pylon  
  58  5:08  Probe  
  58  5:10  Probe  
  60  5:20  Nexus  
  60  5:23  Pylon  
  60  5:29  Probe  
  60  5:35  Gateway  
  62  5:36  Observer  
  62  5:37  Gateway  
  62  5:41  Assimilator  
  62  5:45  Shield Battery  
  62  5:46  Stalker  
  63  5:50  Stalker  
  63  5:54  Probe  
  63  5:56  Probe  
  67  6:02  Immortal (Chrono Boost)  
  71  6:06  Probe  
  71  6:08  Probe  
  71  6:18  Probe  
  71  6:20  Probe  
  71  6:23  Adept  
  71  6:24  Adept  
  77  6:31  Immortal (Chrono Boost)  
  75  6:33  Shield Battery  
  75  6:35  Shield Battery  
  75  6:36  Shield Battery  
  75  6:39  Stalker, Sentry  
  83  6:44  Probe, Pylon  
  84  6:50  Probe (Chrono Boost)  
  84  6:53  Stalker  
  88  6:55  Probe (Chrono Boost), Stalker  
  88  6:56  Probe (Chrono Boost)  
  91  7:07  Probe (Chrono Boost)  
  91  7:08  Probe (Chrono Boost)  
  94  7:09  Probe (Chrono Boost)  
  94  7:14  Probe  
  95  7:19  Immortal (Chrono Boost)  
  95  7:22  Gateway  
  99  7:25  Pylon, Gateway  
  99  7:29  Adept  
  97  7:30  Adept  
  99  7:39  Stalker  
  99  7:41  Pylon  
  99  7:42  Pylon  
  101  7:44  Pylon  
  101  7:45  Observer  
  101  7:56  Immortal (Chrono Boost)  
  101  8:04  Pylon  
  105  8:06  Pylon  
  105  8:07  Stalker x3  
  111  8:17  Stalker  
  111  8:18  Stalker  
  111  8:24  Stalker  
  111  8:31  Stalker  
  111  8:32  Probe x2  
  111  8:34  Assimilator x2  
  115  8:36  Stalker  
  115  8:38  Shield Battery  
  115  8:39  Shield Battery  
  113  8:43  Stalker  
Tags
 
Add a new tag
Caveats
  • Supply blocks, unpowered buildings, or Contaminate may cause inaccurate times.
  • Supply counts are checked every 10 seconds.